 Dungeon Crawl Stone Soup version 0.32-a0-427-g448f42529f (webtiles) character file.

Game seed: 5573089320805111930

5350 GordonOverkill the Thaumaturge (level 10, -5/76 HPs)
             Began as a Spriggan Delver on Feb 22, 2024.
             Slain by a meliai
             ... wielding a +0 war axe
              (18 damage)
             ... on level 9 of the Dungeon.
             The game lasted 00:19:53 (10238 turns).

GordonOverkill the Thaumaturge (Spriggan Delver)   Turns: 10238, Time: 00:19:53

Health: -5/76      AC:  4    Str:  8    XL:     10   Next: 38%
Magic:  34/34      EV: 18    Int: 25    God:
Gold:   350        SH:  5    Dex: 17    Spells: 26/29 levels left

rFire   . . .        F - +10 spear "Zioqafeull" {elec, rPois Int+3 Stlth+}
rCold   . . .        (no shield)
rNeg    . . .        y - +2 robe {Will+}
rPois   +            (helmet restricted)
rElec   .            (no cloak)
rCorr   .            (gloves unavailable)
SInv    +            (boots unavailable)
Will    ++...        k - amulet of reflection Stlth
                     s - ring of magical power
HPRegen 0.32/turn    t - +6 ring of intelligence
MPRegen 0.24/turn

%: reflection
@: berserking, very quick
A: very small, no large weapons, unfitting armour, see invisible, speed 3
a: no special abilities


You were on level 9 of the Dungeon.
You visited 2 branches of the dungeon, and saw 10 of its levels.

You collected 558 gold pieces.
You spent 208 gold pieces at shops.

Inventory:

Hand Weapons
 b - a +2 dagger of pain
 j - a +2 dagger of speed
 F - the +10 spear "Zioqafeull" (weapon) {elec, rPois Int+3 Stlth+}
   (You found it on level 4 of the Dungeon)

   Int+3:     It affects your intelligence (+3).
   rPois:     It protects you from poison Stlth+: It makes you more stealthy.
 K - the +7 staff of the Meek {protect, meekguard}
   (You found it on level 8 of the Dungeon)
Missiles
 G - 13 poisoned darts (quivered)
Armour
 e - +0 steam dragon scales
 y - a +2 robe of willpower (worn)
Jewellery
 k - an amulet of reflection (around neck)
 s - a ring of magical power (left hand)
 t - a +6 ring of intelligence (right hand)
Wands
 g - a wand of digging (3)
 E - a wand of roots (17)
Scrolls
 a - 2 scrolls of silence {unknown}
 c - 2 scrolls of fog
 d - 2 scrolls of revelation
 l - a scroll of poison {unknown}
 m - 2 scrolls of noise {unknown}
 o - a scroll of fear
 q - a scroll of vulnerability {unknown}
 r - 5 scrolls of teleportation {unknown}
 u - 3 scrolls of blinking {unknown}
 w - 2 scrolls of amnesia {unknown}
 x - a scroll of immolation {unknown}
 z - a scroll of torment {unknown}
 B - a scroll of enchant armour {unknown}
 D - a scroll of enchant weapon {unknown}
 H - 2 scrolls of identify
 J - a scroll of brand weapon {unknown}
Potions
 f - 3 potions of haste
 h - 2 potions of heal wounds
 n - 9 potions of curing
 p - 3 potions of brilliance
 A - 2 potions of mutation
 C - a potion of attraction


   Skills:
 - Level 5.0 Fighting
 - Level 3.0 Short Blades
 - Level 5.0 Polearms
 - Level 3.0 Dodging
 - Level 7.2 Stealth
 - Level 10.0 Spellcasting
 + Level 5.5 Conjurations
 - Level 5.0 Necromancy
 - Level 3.0 Evocations


You had 26 spell levels left.
You knew the following spells:

 Your Spells              Type           Power      Damage    Failure   Level
a - Vampiric Draining     Necr           37%        2d8       1%          3

Your spell library contained the following spells:

 Spells                   Type           Power      Damage    Failure   Level
 Slow                     Hex            48%        N/A       4%          1
 Summon Small Mammal      Summ           48%        N/A       4%          1
 Call Canine Familiar     Summ           12%        N/A       14%         3
 Confusing Touch          Hex            12%        N/A       14%         3
 Sigil of Binding         Hex            12%        N/A       14%         3
 Dimensional Bullseye     Hex/Tloc       6%         N/A       43%         4
 Summon Blazeheart Golem  Fire/Summ      12%        N/A       43%         4


Dungeon Overview and Level Annotations

Branches:
Dungeon (9/15)             Temple (1/1) D:7
   Lair: D:8-11         Orc: D:9-12

Altars:
Ashenzari
Cheibriados
Elyvilon
Fedhas
Gozag
Kikubaaqudgha
Makhleb
Nemelex Xobeh
Okawaru
Qazlal
Ru
Trog
Uskayaw
Wu Jian
Xom
Yredelemnul
Zin

Shops:
D:1 *

Annotations:
D:3 1 transporter


Innate Abilities, Weirdness & Mutations

You are very small and have problems with some larger weapons.
You are too small for most types of armour.
You have supernaturally acute eyesight. (SInv)
You cover ground extremely quickly. (Speed+++)


Message History

There is an open door here.
You see here a bullfrog corpse.
You start waiting.
A meliai is nearby!
Reach: F) +10 spear "Zioqafeull" {elec, rPois Int+3 Stlth+}
Press: ? - help, Dir - move target, f/p - meliai
Aim: a meliai, wielding a +0 war axe and wearing a +0 leather armour (about 35% to evade the +10 spear "Zioqafeull")
You reach to attack!
You miss the meliai. You block the meliai's attack.
The meliai barely misses you.
Reach: F) +10 spear "Zioqafeull" {elec, rPois Int+3 Stlth+}
Press: ? - help, Dir - move target, f/p - meliai
Aim: a meliai, wielding a +0 war axe and wearing a +0 leather armour (about 35% to evade the +10 spear "Zioqafeull")
Okay, then.
You closely miss the meliai. The meliai hits you but does no damage.
The meliai closely misses you. You block the meliai's attack.
The meliai barely misses you.
You hit the meliai.
The meliai is moderately wounded.
The meliai hits you with a +0 war axe! The meliai stings you.
* * * LOW HITPOINT WARNING * * *
You closely miss the meliai.
The meliai is moderately wounded.
The meliai invokes the aid of its god against you.
Something smites you!
* * * LOW HITPOINT WARNING * * *
The meliai misses you.
The meliai stings you but does no damage.
As you read the scroll of fear, it crumbles to dust.
You assume a fearsome visage.
The bullfrog looks frightened!
The meliai looks frightened!
Cornered, the bullfrog turns to fight!
There is an open door here.
The meliai mumbles some strange prayers to its god against you.
Something smites you!
* * * LOW HITPOINT WARNING * * *
You close the door.
A meliai breaks down the door.
A red film seems to cover your vision as you go berserk!
You feel yourself moving faster!
You feel mighty!
The meliai seems to regain its courage.
The meliai hits you with a +0 war axe!!
You die...

##.# ### #.#...##..###..# ##..#
P#.###.# #.###....# #... #..#
.##...## #.####...## ##..## ##..
......# ##....###..# #..### #..
[.##.####.).###.#..## ##....####.
.###.###..###...##..###........#.
.# #.##...#......##..##..........
## #...).###..#..###..#..........
# ##..###.'....@.###............
# ##...#...##...#y#.#............
##....##)..#.###F..##.....###...
#....).'.#####......###...###...
#......###.#..F..#..####........
#....###...##..###†..# ##......#
#..### ....#...###..## ##....##
#### #..##.F#.....###.....#
#...#.†..y.####......##


You could see a meliai and a bullfrog.

Vanquished Creatures
  A two-headed ogre (D:9)
  Joseph (D:7)
  2 yaks (D:9)
  A wraith (D:7)
  3 wyverns
  2 steam dragons
  Menkaure (D:7)
  A water moccasin (D:8)
  2 black bears
  An orc warrior (D:9)
  An ice beast (D:7)
  A sky beast (D:6)
  A centaur (D:9)
  6 ogres
  A phantom (D:4)
  A kobold brigand (D:7)
  2 bullfrogs
  A gnoll sergeant (D:8)
  4 scorpions
  4 wights
  6 howler monkeys
  2 bombardier beetles (D:6)
  2 jellies
  4 hounds
  6 orc priests
  Jessica (D:2)
  3 iguanas
  8 orc wizards
  7 gnolls
  10 adders
  3 ufetubi
  3 dart slugs
  21 orcs
  4 bats
  7 endoplasms
  5 giant cockroaches
  4 goblins
  4 hobgoblins
  4 jackals (D:1)
  4 quokkas
  4 ball pythons
  4 frilled lizards
  10 kobolds
  7 rats
170 creatures vanquished.

Notes
Turn   | Place    | Note
-------+----------+-------------------------------------------
     0 | D:5      | GordonOverkill the Spriggan Delver began the quest for the
                  | Orb.
     0 | D:5      | Reached XP level 1. HP: 11/11 MP: 2/2
    51 | D:6      | Noticed a hound
    89 | D:6      | Found a shimmering altar of Xom.
    89 | D:6      | Found a bloodstained altar of Trog.
   215 | D:6      | Noticed an ogre
   223 | D:6      | Killed an ogre
   224 | D:6      | Reached skill level 3 in Spellcasting
   224 | D:6      | Reached XP level 2. HP: 16/16 MP: 2/7
   224 | D:6      | Reached XP level 3. HP: 19/19 MP: 2/8
   224 | D:6      | Reached XP level 4. HP: 23/23 MP: 2/9
   396 | D:6      | Reached XP level 5. HP: 28/28 MP: 10/10
   438 | D:6      | Reached skill level 1 in Conjurations
   439 | D:6      | Noticed a sky beast
   441 | D:6      | Killed a sky beast
   460 | D:6      | Reached XP level 6. HP: 32/32 MP: 11/11
   488 | D:7      | Noticed an ice beast
   497 | D:7      | Killed an ice beast
   632 | D:7      | Noticed Menkaure
   646 | D:7      | Killed Menkaure
   647 | D:7      | Reached skill level 5 in Spellcasting
   763 | D:7      | Found a staircase to the Ecumenical Temple.
   785 | Temple   | Entered the Ecumenical Temple
   827 | D:6      | Reached XP level 7. HP: 36/36 MP: 15/15
  1628 | D:5      | Noticed a steam dragon
  2704 | D:1      | Found a faded altar of an unknown god.
  2764 | D:1      | Found Juwul's Assorted Antiques.
  2827 | D:1      | Bought 2 bubbling amethyst potions for 39 gold pieces
  2827 | D:1      | Bought 2 scrolls labelled VEGEETTU IGAIG for 44 gold pieces
  2827 | D:1      | Bought a scroll labelled QOZIDI YNWYJA for 22 gold pieces
  2827 | D:1      | Bought a scroll labelled TOULEO SIN DIS for 22 gold pieces
  2827 | D:1      | Bought an embroidered robe for 81 gold pieces
  3306 | D:2      | Noticed Jessica
  3312 | D:2      | Killed Jessica
  3441 | D:2      | Reached skill level 5 in Conjurations
  3698 | D:3      | Learned a level 3 spell: Vampiric Draining
  3921 | D:3      | Found a sparkling altar of Nemelex Xobeh.
  3921 | D:3      | Found a transporter.
  4090 | D:4      | Reached skill level 1 in Necromancy
  4123 | D:3      | Reached XP level 8. HP: 31/40 MP: 16/16
  4249 | D:4      | Identified the +10 spear "Zioqafeull" {elec, rPois Int+3
                  | Stlth+}
  4292 | D:4      | Reached skill level 1 in Polearms
  6217 | D:5      | Reached skill level 5 in Polearms
  6315 | D:5      | Reached XP level 9. HP: 15/44 MP: 17/17
  6438 | D:5      | Found a basalt altar of Yredelemnul.
  6956 | D:7      | Reached skill level 5 in Necromancy
  7167 | D:7      | Noticed Joseph
  7200 | D:7      | Killed Joseph
  7201 | D:7      | Reached skill level 7 in Spellcasting
  7454 | D:7      | Reached skill level 8 in Spellcasting
  8488 | D:8      | Found the +7 staff of the Meek {protect, meekguard}
  9594 | D:9      | Reached skill level 5 in Fighting
  9925 | D:9      | Reached XP level 10. HP: 41/51 MP: 23/23
 10055 | D:9      | Reached skill level 9 in Spellcasting
 10088 | D:9      | Noticed a two-headed ogre
 10127 | D:9      | Killed a two-headed ogre
 10128 | D:9      | Reached skill level 10 in Spellcasting
 10193 | D:9      | Noticed a meliai
 10238 | D:9      | Slain by a meliai

Illustrated notes

Levels and vault maps discovered:
D:1:      lightli_arrival_boilingwater, layout_rooms,
          dreamdust_ecumenical_altar_statues, serial_shops, shop
D:2:      layout_basic, minmay_misc_feat_nine_boxes, minivault_27, uniq_jessica
D:3:      layout_basic, grunt_nemelex_the_gamble
D:4:      layout_gridville, serial_rivers, chequers_serial_rivers_room_b,
          chequers_serial_rivers_room_a, chequers_serial_rivers_micro_d,
          chequers_serial_rivers_micro_a, minmay_quantized
D:5:      layout_loops_cross, mainiacjoe_overflow_chevrons
D:6:      black_bear_nest_1, layout_loops_corners,
          chequers_temple_overflow_statue_of_worship
D:7:      layout_layer_cave, minmay_temple_entry_stoned_glass,
          minmay_microvault, uniq_menkaure, uniq_joseph
D:8:      layout_layer_cave
D:9:      minmay_slanted_spiral_squares, layout_layer_cave,
          grunt_lair_entry_orc_guard_hut, minmay_crystal_water
Temple:   dshaligram_water_room_temple

Skill      XL: |  1  2  3  4  5  6  7  8  9 10 |
---------------+-------------------------------+-----
Evocations     | 3 |  3.0
Spellcasting   | 3 5 8 10 | 10.0
Fighting       | 3 5 |  5.0
Short Blades   | 3 |  3.0
Dodging        | 3 |  3.0
Conjurations   | 2 3 5 |  5.5
Necromancy     | 1 3 5 |  5.0
Polearms       | 5 |  5.0
Stealth        | |  7.2

Action                     |  1- 3 |  4- 6 |  7- 9 | 10-12 || total
---------------------------+-------+-------+-------+-------++-------
  Melee: Dagger            |     1 |     9 |   308 |       ||   318
         Spear             |       |       |   228 |    46 ||   274
         Quarterstaff      |       |       |     5 |       ||     5
  Throw: Dart              |       |       |     7 |     6 ||    13
         Throwing net      |       |       |       |     1 ||     1
   Cast: Vampiric Draining |       |       |     3 |       ||     3
  Evoke: Wand              |     1 |     9 |       |     1 ||    11
    Use: Scroll            |       |       |     8 |     1 ||     9
         Potion            |       |       |     1 |     1 ||     2
   Stab: Paralysed         |     1 |     3 |       |       ||     4
         Sleeping          |       |     5 |    26 |       ||    31
         Distracted        |       |       |     2 |       ||     2
 Armour: Robe              |       |       |   122 |     8 ||   130
  Dodge: Dodged            |       |     4 |   279 |    23 ||   306
  Block: Other             |       |       |    59 |     5 ||    64
         Reflection        |       |       |     1 |       ||     1

Table legend: (Time is in decaauts)
 A = Elapsed time spent in this place.
 B = Non-inter-level travel time spent in this place.
 C = Inter-level travel time spent in this place.
 D = Time resting spent in this place.
 E = Time spent auto-exploring this place.
 F = Levels seen in this place.
 G = Mean time per level.
                   A        B        C        D        E       F      G
               +--------+--------+--------+--------+--------+-----+--------+
         Total |   7100 |   6945 |    155 |   1679 |   3470 |  10 |  710.0 |
       Dungeon |   7098 |   6943 |    155 |   1679 |   3470 |   9 |  788.7 |
        Temple |      1 |      1 |      0 |      0 |      0 |   1 |    1.0 |
               +--------+--------+--------+--------+--------+-----+--------+

Top non-repeatable levels by time:
     D:4: 1572 daAuts
     D:8: 1160 daAuts
     D:6: 1009 daAuts
     D:7: 770 daAuts
     D:5: 683 daAuts
     D:9: 637 daAuts
     D:3: 474 daAuts
     D:2: 441 daAuts
     D:1: 348 daAuts
  Temple: 1 daAuts
